[Event "Early-Titled-Tuesday-Blitz-January-16-2024"]
[Site "Chess.com"]
[Date "2024.01.16"]
[Round "5"]
[White "emeli_chess"]
[Black "NM_Antelacus"]
[Result "1-0"]
[WhiteElo "2454"]
[BlackElo "2146"]
[TimeControl "180+1"]
[EndTime "8:54:05 PST"]
[Termination "emeli_chess won by resignation"]

1. d4 Nf6 2. c4 e6 3. Nc3 Bb4 4.
Qc2 O-O 5. e4 d5 6. e5 Ne4 7. Bd3 c5 8. Nf3 cxd4 9. Nxd4 Nc6 10. Nxc6 bxc6 11. O-O Bxc3 12. bxc3 Ba6 13. Bxe4 dxe4 14.
Qxe4 Qa5 15. Bg5 Qxc3 16. Rfc1 Qa3 17. Qe3 c5 18. Qxa3 1-0

[Event "Early-Titled-Tuesday-Blitz-January-16-2024"]
[Site "Chess.com"]
[Date "2024.01.16"]
[Round "5"]
[White "Grossboss19"]
[Black "Kaissa10"]
[Result "1-0"]
[WhiteElo "2548"]
[BlackElo "2255"]
[TimeControl "180+1"]
[EndTime "8:54:07 PST"]
[Termination "Grossboss19 won by resignation"]

1. e4 c5 2. Nf3 Nc6 3. Bb5 g6 4.
O-O Bg7 5. Re1 Nf6 6. c3 O-O 7. h3 a6 8. Bf1 d6 9. a4 Be6 10. d4 cxd4 11. cxd4 d5 12. e5 Ne4 13. Nc3 Nxc3 14.
bxc3 Bf5 15. g4 Bd7 16. Bg2 Rc8 17. Nd2 e6 18. Ba3 Re8 19. Rb1 Na5 20. Bc5 Bf8 21.
Bb6 1-0

[Event "Early-Titled-Tuesday-Blitz-January-16-2024"]
[Site "Chess.com"]
[Date "2024.01.16"]
[Round "5"]
[White "AGW2016"]
[Black "Ellaijio_B"]
[Result "0-1"]
[WhiteElo "2610"]
[BlackElo "2800"]
[TimeControl "180+1"]
[EndTime "8:54:17 PST"]
[Termination "Ellaijio_B won by checkmate"]

1. d4 Nf6 2. Nc3 d5 3. Bf4 a6 4. e3 b5 5. Nf3 Bb7 6. Ne5 Nfd7 7. Be2 Nxe5 8. Bxe5 Nd7 9. Bg3 e6 10. O-O c5 11. a4 b4 12. Nb1 cxd4 13. exd4 Be7 14. Nd2 O-O 15. Nf3 Nf6 16. Ne5 Ne4 17. Bd3 Nxg3 18.
hxg3 Bf6 19. Re1 g6 20. a5 Rc8 21. Qe2 Qd6 22. g4 Rc7 23. g3 Rfc8 24. Kg2 Bxe5 25.
dxe5 d4+ 26. f3 Qd5 27. g5 Rxc2 28. Bxc2 Rxc2 29. Qxc2 Qxf3+ 30. Kh2 Qh5+ 31. Kg1 Qh1+ 32. Kf2 Qg2# 0-1

[Event "Early-Titled-Tuesday-Blitz-January-16-2024"]
[Site "Chess.com"]
[Date "2024.01.16"]
[Round "5"]
[White "Barmen_EV"]
[Black "chito89"]
[Result "0-1"]
[WhiteElo "2535"]
[BlackElo "2929"]
[TimeControl "180+1"]
[EndTime "8:54:29 PST"]
[Termination "chito89 won by resignation"]

1. e4 c5 2. c3 Nf6 3. e5 Nd5 4. d4 cxd4 5. Nf3 e6 6. cxd4 b6 7.
Nc3 Nxc3 8. bxc3 Qc7 9. Bd2 Bb7 10. Bd3 d6 11. O-O Nd7 12. exd6 Bxd6 13. h3 O-O 14. Bxh7+ Kxh7 15. Ng5+ Kg8 16. Qh5 Nf6 17. Qh4 Qc4 18.
Rfe1 Qd3 19. Rad1 Qg6 20. c4 Rac8 21. d5 exd5 22. cxd5 Bxd5 23. Bc3 Rxc3 24. Rxd5 Nxd5 0-1

[Event "Early-Titled-Tuesday-Blitz-January-16-2024"]
[Site "Chess.com"]
[Date "2024.01.16"]
[Round "5"]
[White "Payyappat"]
[Black "NelsonLinda"]
[Result "0-1"]
[WhiteElo "2445"]
[BlackElo "2619"]
[TimeControl "180+1"]
[EndTime "8:54:36 PST"]
[Termination "NelsonLinda won by resignation"]

1. e4 c5 2. Nf3 e6 3. d4 cxd4 4. Nxd4 Nf6 5. Nc3 d6 6. Bg5 Be7 7. f4 O-O 8. Be2 Nc6 9. O-O Qb6 10. Nb5 a6 11. e5 dxe5 12. fxe5 Nd5 13. c4 Bxg5 14.
cxd5 exd5 15. Qa4 Be3+ 0-1

[Event "Early-Titled-Tuesday-Blitz-January-16-2024"]
[Site "Chess.com"]
[Date "2024.01.16"]
[Round "5"]
[White "MathiasWomacka"]
[Black "publicaccountcze"]
[Result "1-0"]
[WhiteElo "2572"]
[BlackElo "2331"]
[TimeControl "180+1"]
[EndTime "8:54:54 PST"]
[Termination "MathiasWomacka won by checkmate"]

1. e4 c5 2. Nf3 e6 3. d4 cxd4 4. Nxd4 a6 5. Bd3 Qc7 6. Qe2 Nf6 7. O-O Bc5 8. Nb3 Ba7 9. e5 Nd5 10. c4 Ne7 11. Bf4 Ng6 12. Bg3 Nc6 13. Re1 h5 14.
h4 O-O 15. Qxh5 Nce7 16. Nc3 Nh8 17. Bh7# 1-0

[Event "Early-Titled-Tuesday-Blitz-January-16-2024"]
[Site "Chess.com"]
[Date "2024.01.16"]
[Round "5"]
[White "GMFYHR1"]
[Black "Maestro-Fermin"]
[Result "0-1"]
[WhiteElo "2449"]
[BlackElo "2619"]
[TimeControl "180+1"]
[EndTime "8:55:01 PST"]
[Termination "Maestro-Fermin won by resignation"]

1. d4 e6 2. c4 b6 3. Nc3 Bb7 4. e4 Bb4 5. Bd3 f5 6. Qc2 Bxc3+ 7. bxc3 Qh4 8. Nf3 Qg4 9. O-O fxe4 10. h3 exd3 11.
Qxd3 Qe4 12. Qd2 Nf6 13. d5 O-O 14. Re1 Qxc4 15. dxe6 Bxf3 16. e7 Re8 17. gxf3 Nc6 18.
Ba3 d6 19. Qg5 Qf7 0-1

[Event "Early-Titled-Tuesday-Blitz-January-16-2024"]
[Site "Chess.com"]
[Date "2024.01.16"]
[Round "5"]
[White "scarabee43"]
[Black "masterofpuppets2"]
[Result "1-0"]
[WhiteElo "2807"]
[BlackElo "2527"]
[TimeControl "180+1"]
[EndTime "8:55:10 PST"]
[Termination "scarabee43 won by resignation"]

1. Nf3 d5 2. e3 Nf6 3. c4 e6 4. b3 Bd6 5. Bb2 O-O 6. Nc3 dxc4 7.
bxc4 e5 8. Bd3 Nbd7 9. O-O Nc5 10. Bc2 e4 11. Nd4 Bxh2+ 12. Kxh2 Ng4+ 13. Kg3 Qd6+ 14. f4 exf3+ 15. Kxf3 Qh2 16. Rh1 Ne5+ 17. Kf2 Ncd3+ 18.
Bxd3 Nxd3+ 19. Ke2 Qxg2+ 20. Kxd3 Rd8 21. Qh5 h6 22. Rag1 Qc6 23. Nd5 1-0

[Event "Early-Titled-Tuesday-Blitz-January-16-2024"]
[Site "Chess.com"]
[Date "2024.01.16"]
[Round "5"]
[White "Schachmalanders"]
[Black "temiksmozg"]
[Result "0-1"]
[WhiteElo "2460"]
[BlackElo "2636"]
[TimeControl "180+1"]
[EndTime "8:55:17 PST"]
[Termination "temiksmozg won by resignation"]

1. e4 c5 2. Nc3 Nc6 3. g3 g6 4. Bg2 d6 5. Nge2 h5 6. h4 Bg7 7.
d3 Rb8 8. Bg5 b5 9. Qd2 b4 10.
Nd1 a5 11. O-O Bd7 12. c3 Qc8 13. d4 Bh3 14. Ne3 Bxg2 15. Kxg2 Nf6 16. dxc5 Nxe4 17.
Qd5 Nxc5 18. cxb4 Nxb4 19. Qf3 Qb7 20. Nf4 Qxf3+ 21. Kxf3 Nbd3 22. Nfd5 f6 23. Nf4 fxg5 24. Nxg6 Rh6 0-1

[Event "Early-Titled-Tuesday-Blitz-January-16-2024"]
[Site "Chess.com"]
[Date "2024.01.16"]
[Round "5"]
[White "slorovel"]
[Black "AndresDelgado77"]
[Result "0-1"]
[WhiteElo "2568"]
[BlackElo "2397"]
[TimeControl "180+1"]
[EndTime "8:55:20 PST"]
[Termination "AndresDelgado77 won by checkmate"]

1. e4 e6 2. d4 d5 3. exd5 exd5 4. Bd3 Nc6 5. c3 Bd6 6. Nf3 Bg4 7. O-O Qd7 8. Nbd2 Nge7 9. Re1 O-O-O 10. a4 Ng6 11. b4 Rde8 12. Rxe8+ Rxe8 13. a5 Nh4 14. b5 Nd8 15. b6 a6 16. bxc7 Qxc7 17. h3 Bxf3 18. Nxf3 Nxf3+ 19. Qxf3 Re1+ 20. Bf1 Bh2+ 21. Kh1 Rxf1# 0-1

[Event "Early-Titled-Tuesday-Blitz-January-16-2024"]
[Site "Chess.com"]
[Date "2024.01.16"]
[Round "5"]
[White "Cheer_Down"]
[Black "bubeliang"]
[Result "0-1"]
[WhiteElo "2519"]
[BlackElo "2768"]
[TimeControl "180+1"]
[EndTime "8:55:21 PST"]
[Termination "bubeliang won by checkmate"]

1. d4 b6 2. e4 Bb7 3. Bd3 e6 4. Nd2 g6 5. Ngf3 Bg7 6. O-O Ne7 7. Re1 d6 8. Nf1 O-O 9. Ng3 c5 10. c3 Nbc6 11. a3 cxd4 12. cxd4 Nxd4 13. Nxd4 Bxd4 14. Bh6 Bg7 15. Qd2 Rc8 16. h4 Nc6 17. h5 Ne5 18. Bf1 Rc2 19. Qxc2 Bxh6 20. hxg6 hxg6 21. Be2 Kg7 22.
Rad1 Qh4 23. Rxd6 Bf4 24. Qc3 Rh8 25. Bf3 Qh2+ 26. Kf1 Ba6+ 27. Be2 Qh1+ 28. Nxh1 Rxh1# 0-1

[Event "Early-Titled-Tuesday-Blitz-January-16-2024"]
[Site "Chess.com"]
[Date "2024.01.16"]
[Round "5"]
[White "marina1994"]
[Black "alvarorodriguezavila"]
[Result "1-0"]
[WhiteElo "2530"]
[BlackElo "2315"]
[TimeControl "180+1"]
[EndTime "8:55:26 PST"]
[Termination "marina1994 won by resignation"]

1. e4 c5 2. Nf3 g6 3. d4 cxd4 4. Nxd4 Bg7 5. c4 Nc6 6. Be3 Nf6 7. Nc3 Ng4 8. Qxg4 Nxd4 9. Qd1 Ne6 10. Qd2 Qa5 11.
Nd5 Qxd2+ 12. Bxd2 Bxb2 13. Rb1 Bg7 14. g3 d6 15. Bh3 O-O 16. O-O Re8 17. Bxe6 fxe6 18. Nc7 Rf8 19. Nxa8 a6 20. Nb6 1-0

[Event "Early-Titled-Tuesday-Blitz-January-16-2024"]
[Site "Chess.com"]
[Date "2024.01.16"]
[Round "5"]
[White "SergioMoralesG"]
[Black "Alexei_Kornev"]
[Result "0-1"]
[WhiteElo "2432"]
[BlackElo "2701"]
[TimeControl "180+1"]
[EndTime "8:55:32 PST"]
[Termination "Alexei_Kornev won by resignation"]

1. d4 Nf6 2. c4 g6 3. Nc3 d5 4.
Nf3 Bg7 5. e3 O-O 6. cxd5 Nxd5 7. Bc4 Nxc3 8. bxc3 c5 9. O-O Nd7 10. Qe2 Qc7 11. h3 e5 12. d5 e4 13. Ng5 Qe5 14. h4 Nb6 15. Rd1 Qxc3 16. Bb3 Qxa1 0-1

[Event "Early-Titled-Tuesday-Blitz-January-16-2024"]
[Site "Chess.com"]
[Date "2024.01.16"]
[Round "5"]
[White "Konavets"]
[Black "profedechess93"]
[Result "1-0"]
[WhiteElo "3153"]
[BlackElo "2640"]
[TimeControl "180+1"]
[EndTime "8:55:38 PST"]
[Termination "Konavets won by resignation"]

1. e4 e6 2. Qe2 c5 3. f4 Nc6 4.
Nf3 d6 5. g4 e5 6. f5 Nd4 7. Nxd4 exd4 8. h4 Bd7 9. d3 Qa5+ 10. Nd2 O-O-O 11. Bg2 g6 12. O-O gxf5 13. Nc4 Qc7 14. exf5 Bc6 15. Bf4 Nf6 16. g5 Nd5 17. Bg3 Re8 18. Qh5 b5 19. Nd2 Ne3 20. Bxc6 Qxc6 21.
Rf2 Re7 22. Ne4 Rxe4 23. dxe4 Qxe4 24. Re1 Be7 25. Qxf7 Bd8 26. Qe6+ Qxe6 27. fxe6 1-0

[Event "Early-Titled-Tuesday-Blitz-January-16-2024"]
[Site "Chess.com"]
[Date "2024.01.16"]
[Round "5"]
[White "dzilleruelo"]
[Black "AsterPhoenix"]
[Result "0-1"]
[WhiteElo "2368"]
[BlackElo "2573"]
[TimeControl "180+1"]
[EndTime "8:55:43 PST"]
[Termination "AsterPhoenix won by resignation"]

1. e4 c5 2. Nf3 e6 3. g3 d5 4. exd5 exd5 5. d4 cxd4 6. Nxd4 Nc6 7. Bg2 Bc5 8. Nb3 Qe7+ 9. Qe2 Bb6 10. Qxe7+ Ngxe7 11. O-O Be6 12. N1d2 Nb4 13. c3 Nd3 14. Nf3 Nc6 15. Nfd4 Nxd4 16. Nxd4 Bxd4 17. cxd4 Rc8 18. Rd1 Nxc1 19. Raxc1 Kd7 20. Kf1 Kd6 21. Ke1 b6 22.
Kd2 Rc4 23. b3 Rxd4+ 24. Ke3 Rxd1 25. Rxd1 Rc8 26. Rd2 Rc1 27. f4 g6 28. g4 Bxg4 29.
Bxd5 Ke7 30. Kf2 Bf5 31. Re2+ Kf6 32. Re7 Kxe7 0-1

[Event "Early-Titled-Tuesday-Blitz-January-16-2024"]
[Site "Chess.com"]
[Date "2024.01.16"]
[Round "5"]
[White "sergeikim"]
[Black "RCone"]
[Result "1-0"]
[WhiteElo "2618"]
[BlackElo "2439"]
[TimeControl "180+1"]
[EndTime "8:55:45 PST"]
[Termination "sergeikim won on time"]

1. d4 g6 2. c4 Bg7 3. Nc3 Nf6 4. e4 O-O 5. Nge2 d6 6. Ng3 e5 7. d5 c6 8. Be2 a5 9. O-O Na6 10. Be3 cxd5 11. cxd5 Bd7 12. h3 Nc5 13. Qd2 Rc8 14. Bh6 Bxh6 15. Qxh6 b5 16. f3 Qb6 17. Kh2 b4 18.
Nd1 Ne8 19. Ne3 Ng7 20. f4 exf4 21. Rxf4 1-0

[Event "Early-Titled-Tuesday-Blitz-January-16-2024"]
[Site "Chess.com"]
[Date "2024.01.16"]
[Round "5"]
[White "LyonBeast"]
[Black "stollenmonster"]
[Result "1-0"]
[WhiteElo "3141"]
[BlackElo "2904"]
[TimeControl "180+1"]
[EndTime "8:55:47 PST"]
[Termination "LyonBeast won by resignation"]

1. e4 c5 2. Nf3 Nf6 3. e5 Nd5 4. Nc3 e6 5. g3 Nc6 6. Bg2 d6 7.
exd6 Bxd6 8. O-O O-O 9. Re1 Bd7 10. Ne4 Be7 11. d4 cxd4 12. Nxd4 Nxd4 13. Qxd4 Rc8 14. c3 b6 15. Qd1 Bc6 16. h4 h6 17. Qe2 Qc7 18.
c4 Nf6 19. Bf4 Qb7 20. Nxf6+ Bxf6 21. Bxc6 Qxc6 22. Rac1 Bd4 23. b3 e5 24. Be3 Rfe8 25. Rcd1 Rcd8 26. Bxd4 exd4 27. Rxd4 Rxe2 28. Rxd8+ Kh7 29.
Rxe2 b5 30. cxb5 Qxb5 31. Re7 Qc5 32. Rxf7 Qc1+ 33. Kh2 1-0

[Event "Early-Titled-Tuesday-Blitz-January-16-2024"]
[Site "Chess.com"]
[Date "2024.01.16"]
[Round "5"]
[White "Bushonica"]
[Black "Witty_Alien"]
[Result "0-1"]
[WhiteElo "1809"]
[BlackElo "2351"]
[TimeControl "180+1"]
[EndTime "8:55:55 PST"]
[Termination "Witty_Alien won by resignation"]

1. e4 c5 2. Nf3 d6 3. d4 cxd4 4. Nxd4 Nf6 5. Nc3 a6 6. h3 g6 7.
Be3 Bg7 8. Be2 O-O 9. O-O Nc6 10. a3 Bd7 11. f4 Rc8 12. Bf3 Qa5 13. Nb3 Qd8 14.
Qe1 Na5 15. Qf2 Nc4 16. Bd4 Nxb2 17. Rab1 Nc4 18. Na4 Bxa4 0-1

[Event "Early-Titled-Tuesday-Blitz-January-16-2024"]
[Site "Chess.com"]
[Date "2024.01.16"]
[Round "5"]
[White "Gabrielian_Artur"]
[Black "Smiechu"]
[Result "0-1"]
[WhiteElo "2788"]
[BlackElo "2513"]
[TimeControl "180+1"]
[EndTime "8:55:57 PST"]
[Termination "Smiechu won on time"]

1. e4 c5 2. Nf3 g6 3. h4 h5 4. Bc4 d6 5. d4 cxd4 6. Qxd4 Nf6 7. e5 Nc6 8. Qc3 Ne4 9. Qe3 d5 10. O-O e6 11. Bb5 Qb6 12. c4 Qxe3 13. Bxe3 Bd7 14. cxd5 exd5 0-1

[Event "Early-Titled-Tuesday-Blitz-January-16-2024"]
[Site "Chess.com"]
[Date "2024.01.16"]
[Round "5"]
[White "elpatodice"]
[Black "PawnEatingZombie"]
[Result "1-0"]
[WhiteElo "2406"]
[BlackElo "2135"]
[TimeControl "180+1"]
[EndTime "8:55:59 PST"]
[Termination "elpatodice won by resignation"]

1. e4 e6 2. d4 d5 3. Nd2 c5 4. exd5 Qxd5 5. dxc5 Nf6 6. Ngf3 Qxc5 7. Bc4 Be7 8. O-O O-O 9. Qe2 Qc7 10. Nb3 b6 11. Ne5 Bb7 12. Bf4 Bd6 13. Rad1 Nd5 14. Bg3 Rc8 15.
Bd3 Nd7 16. Bxh7+ Kxh7 17. Qh5+ Kg8 18. Qxf7+ Kh7 19. Rd4 1-0

[Event "Early-Titled-Tuesday-Blitz-January-16-2024"]
[Site "Chess.com"]
[Date "2024.01.16"]
[Round "5"]
[White "TigrVShlyape"]
[Black "PepeCuenca"]
[Result "1-0"]
[WhiteElo "2938"]
[BlackElo "2697"]
[TimeControl "180+1"]
[EndTime "8:56:04 PST"]
[Termination "TigrVShlyape won by resignation"]

1. d4 d6 2. Nf3 Nf6 3. Bf4 g6 4. h3 Bg7 5. c3 O-O 6. Nbd2 c5 7. dxc5 dxc5 8. e4 Nc6 9. Bc4 Na5 10. Be2 b6 11. O-O Bb7 12. Qc2 Qc8 13. Rfe1 Nd7 14. e5 Rd8 15. e6 fxe6 16. Ng5 Nf8 17. Bg4 Qc6 18. Ndf3 Bc8 19. Ne5 Qe8 20. h4 Nc6 21.
Nxc6 Qxc6 22. Bf3 1-0

[Event "Early-Titled-Tuesday-Blitz-January-16-2024"]
[Site "Chess.com"]
[Date "2024.01.16"]
[Round "5"]
[White "igorkovalenko"]
[Black "Nikolakis2014"]
[Result "1-0"]
[WhiteElo "3002"]
[BlackElo "2742"]
[TimeControl "180+1"]
[EndTime "8:56:06 PST"]
[Termination "igorkovalenko won by resignation"]

1. c4 Nf6 2. Nc3 g6 3. g3 Bg7 4.
Bg2 d6 5. d4 O-O 6. e3 Nbd7 7.
Nge2 e5 8. O-O Re8 9. Qc2 c6 10. b4 Qe7 11. b5 e4 12. bxc6 bxc6 13. Ba3 Nf8 14. Qa4 Qc7 15. Rfc1 Bg4 16. Rab1 Bf3 17.
Qb4 d5 18. cxd5 cxd5 19. Nxe4 Qxc1+ 20. Rxc1 dxe4 21. Nc3 Ne6 22. h4 Rec8 23. Bxf3 exf3 24. Qb7 Rab8 25. Qxf3 h5 26. Kg2 Rb6 27. Nd5 Rxc1 28.
Nxf6+ Bxf6 29. Bxc1 Be7 30. Qa8+ Kg7 31. Qxa7 1-0

[Event "Early-Titled-Tuesday-Blitz-January-16-2024"]
[Site "Chess.com"]
[Date "2024.01.16"]
[Round "5"]
[White "UnTucopalaTimba"]
[Black "R2D2PTY"]
[Result "0-1"]
[WhiteElo "2007"]
[BlackElo "2235"]
[TimeControl "180+1"]
[EndTime "8:56:09 PST"]
[Termination "R2D2PTY won by resignation"]

1. e4 e5 2. Nf3 Nc6 3. Bb5 a6 4. Ba4 Nf6 5. O-O b5 6. Bb3 Bb7 7. Re1 Bc5 8. h3 d6 9. a4 O-O 10. Nc3 b4 11. Nd5 Nxd5 12. Bxd5 Rb8 13. d3 Ne7 14. Bxb7 Rxb7 15. a5 h6 16. Be3 Bxe3 17. Rxe3 f5 18. d4 fxe4 19. Rxe4 exd4 20. Qxd4 Rb5 21.
Qc4+ d5 0-1

[Event "Early-Titled-Tuesday-Blitz-January-16-2024"]
[Site "Chess.com"]
[Date "2024.01.16"]
[Round "5"]
[White "ChampStan"]
[Black "sansanathalia"]
[Result "0-1"]
[WhiteElo "2114"]
[BlackElo "2397"]
[TimeControl "180+1"]
[EndTime "8:56:16 PST"]
[Termination "sansanathalia won by resignation"]

1. e4 c5 2. Nf3 d6 3. d4 cxd4 4. Nxd4 Nf6 5. Nc3 a6 6. Bg5 e6 7. Qf3 Be7 8. O-O-O Qc7 9. g4 Bd7 10. h4 Nc6 11. h5 h6 12. Bh4 Ne5 13. Qf4 Nexg4 14.
Rg1 e5 15. Qf3 exd4 16. Bxf6 Nxf6 17. Nd5 Nxd5 18. exd5 O-O-O 19. Rxd4 Kb8 20. Rxg7 Bg5+ 21. Kb1 Rhe8 22. Rd1 Rc8 23. Bd3 Bb5 24. Rxf7 Qc5 25. Bf5 Be2 26. Qh1 Bxd1 27. Qxd1 Rc7 28. Rxc7 Qxc7 29. Be6 Rf8 30. Qe2 Qc5 31. f3 Qg1+ 0-1

[Event "Early-Titled-Tuesday-Blitz-January-16-2024"]
[Site "Chess.com"]
[Date "2024.01.16"]
[Round "5"]
[White "quvnoq_muxlis"]
[Black "Marcin"]
[Result "1-0"]
[WhiteElo "2667"]
[BlackElo "2494"]
[TimeControl "180+1"]
[EndTime "8:56:18 PST"]
[Termination "quvnoq_muxlis won by resignation"]

1. e4 e5 2. Nf3 Nc6 3. Bc4 h6 4. O-O Nf6 5. Re1 Be7 6. c3 O-O 7. d4 d6 8. h3 Re8 9. Bb3 Bf8 10.
Nbd2 Na5 11. Bc2 c5 12. d5 b5 13. b4 Nb7 14. a4 bxa4 15. Bxa4 Bd7 16. Nc4 Bxa4 17. Qxa4 cxb4 18. cxb4 Nd7 19. Qa6 Nb6 20. Na3 Qd7 21. Be3 Qa4 22. Qxb7 Qxb4 23. Bxb6 axb6 24. Nc2 1-0

[Event "Early-Titled-Tuesday-Blitz-January-16-2024"]
[Site "Chess.com"]
[Date "2024.01.16"]
[Round "5"]
[White "HATilay"]
[Black "ContrVersia"]
[Result "0-1"]
[WhiteElo "2575"]
[BlackElo "2835"]
[TimeControl "180+1"]
[EndTime "8:56:19 PST"]
[Termination "ContrVersia won on time"]

1. d4 Nf6 2. c4 c5 3. Nf3 g6 4. g3 Bg7 5. Bg2 cxd4 6. Nxd4 Nc6 7. O-O O-O 8. Nc3 Ng4 9. e3 d6 10. Nxc6 bxc6 11. Bxc6 Rb8 12. Bg2 Ne5 13. Qe2 Ba6 14. Rd1 Bxc4 15. Qc2 Qa5 16. Nd5 Bxd5 17. Bxd5 Rfc8 18.
Qe2 e6 19. Bg2 d5 20. Kf1 Nc4 21. b4 Qxb4 0-1

[Event "Early-Titled-Tuesday-Blitz-January-16-2024"]
[Site "Chess.com"]
[Date "2024.01.16"]
[Round "5"]
[White "wild3000"]
[Black "j2806"]
[Result "1-0"]
[WhiteElo "2393"]
[BlackElo "2081"]
[TimeControl "180+1"]
[EndTime "8:56:20 PST"]
[Termination "wild3000 won by resignation"]

1. a3 d5 2. e3 e5 3. d4 e4 4. c4 c6 5. Nc3 Nf6 6. b4 Be6 7.
cxd5 cxd5 8. Nge2 Bd6 9. Nf4 Bxf4 10. exf4 Nc6 11. Be3 Rc8 12. Rc1 O-O 13. Be2 Qd7 14. O-O Ng4 15. Na4 Nxe3 16. fxe3 Qe7 17. f5 Bd7 18. Nc5 f6 19. Nxb7 Bxf5 20. Rxf5 Qxb7 21. Rxd5 Ne7 22. Rdc5 Rxc5 23. dxc5 a5 24. Bc4+ Kh8 25. b5 Rc8 26. c6 Qb6 27. Qd4 Qxd4 28. exd4 Rd8 29.
c7 Rxd4 30. b6 1-0

[Event "Early-Titled-Tuesday-Blitz-January-16-2024"]
[Site "Chess.com"]
[Date "2024.01.16"]
[Round "5"]
[White "UK_23"]
[Black "GMT4114"]
[Result "1-0"]
[WhiteElo "2370"]
[BlackElo "1988"]
[TimeControl "180+1"]
[EndTime "8:56:23 PST"]
[Termination "UK_23 won by resignation"]

1. Nf3 f5 2. d3 Nf6 3. e4 fxe4 4. dxe4 Nxe4 5. Bd3 Nf6 6. Ng5 e5 7. Nxh7 Nxh7 8. Qh5+ Ke7 9. Bxh7 Kd6 10. Nc3 c6 11. O-O Qe7 12. Bg5 Qe6 13. f4 Kc7 14.
f5 Qc4 15. Qg6 d5 16. f6 Qd4+ 17. Kh1 e4 18. Rad1 Qe5 19. Bf4 1-0

[Event "Early-Titled-Tuesday-Blitz-January-16-2024"]
[Site "Chess.com"]
[Date "2024.01.16"]
[Round "5"]
[White "01Roman"]
[Black "RojonR"]
[Result "1-0"]
[WhiteElo "2462"]
[BlackElo "2599"]
[TimeControl "180+1"]
[EndTime "8:56:30 PST"]
[Termination "01Roman won on time"]

1. Nf3 b6 2. c4 Bb7 3. g3 Nf6 4. Bg2 c5 5. O-O e6 6. Nc3 Be7 7. d4 cxd4 8. Qxd4 O-O 9. Bf4 d5 10. cxd5 Nxd5 11. Nxd5 Bxd5 12. Rfd1 Nc6 13. Qd3 Bf6 14.
e4 Nb4 15. Qe2 Re8 16. exd5 exd5 17. Qd2 Nc6 18. Rac1 Rc8 19. Bg5 Bxg5 20. Nxg5 h6 21. Nf3 Ne5 22. Rxc8 Nxf3+ 23. Bxf3 Qxc8 24. Qxd5 Qc2 25. Qd2 Qg6 26. Kg2 a6 27. Qd6 Re6 28. Qb8+ Kh7 29.
Rd8 Qg5 30. h4 1-0

[Event "Early-Titled-Tuesday-Blitz-January-16-2024"]
[Site "Chess.com"]
[Date "2024.01.16"]
[Round "5"]
[White "BelyakovBogdan"]
[Black "IM_ArthurDW08"]
[Result "1-0"]
[WhiteElo "2503"]
[BlackElo "2779"]
[TimeControl "180+1"]
[EndTime "8:56:31 PST"]
[Termination "BelyakovBogdan won by resignation"]

1. e4 c5 2. Nf3 e6 3. g3 d5 4.
exd5 exd5 5. Bg2 Qe7+ 6. Qe2 Qxe2+ 7. Kxe2 Nc6 8. Re1 Nf6 9. Nc3 Be7 10. d4 Bg4 11. Kf1 Bxf3 12. Bxf3 Nxd4 13. Bd1 Ne6 14. f4 g6 15. f5 gxf5 16. Kg2 O-O-O 17. Rf1 f4 18. Bxf4 Nxf4+ 19. Rxf4 Rd6 20. Bf3 Rhd8 21. Nb5 Rb6 22. Re1 Kd7 23. Nc3 Rxb2 24. Nxd5 Rxc2+ 25. Kh3 Nxd5 26. Bxd5 f6 27. Be6+ Kc7 28. Bb3 Bd6 29. Bxc2 Bxf4 30. gxf4 Rd2 31. Bxh7 Rxa2 32. Kg3 b5 33. h4 b4 34. h5 b3 35. h6 b2 36.
Bb1 1-0

[Event "Early-Titled-Tuesday-Blitz-January-16-2024"]
[Site "Chess.com"]
[Date "2024.01.16"]
[Round "5"]
[White "DvaHrasta"]
[Black "bazar-wokzal"]
[Result "1-0"]
[WhiteElo "2445"]
[BlackElo "2594"]
[TimeControl "180+1"]
[EndTime "8:56:33 PST"]
[Termination "DvaHrasta won by resignation"]

1. c4 e5 2. g3 h5 3. h3 d5 4. cxd5 Qxd5 5. Nf3 e4 6. Nc3 Qc6 7. Nd4 Qd7 8. Nb3 f5 9. d3 exd3 10. Qxd3 Qxd3 11. exd3 h4 12. Bf4 hxg3 13. fxg3 Na6 14.
O-O-O Nf6 15. Bg2 c6 16. Rhe1+ Kf7 17. d4 Be6 18. d5 Nxd5 19. Nxd5 Bxd5 20. Rxd5 cxd5 21.
Bxd5+ Kf6 22. Re6+ Kf7 23. Rxa6+ Ke8 24. Bxb7 Rd8 25.
h4 Be7 26. Rxa7 Kf7 27. a4 g5 28. hxg5 Kg6 29. Ra6+ Kh5 30. Rh6+ Rxh6 31. gxh6 Bg5 32. Bxg5 Kxg5 33. a5 1-0

[Event "Early-Titled-Tuesday-Blitz-January-16-2024"]
[Site "Chess.com"]
[Date "2024.01.16"]
[Round "5"]
[White "Lady_Nika"]
[Black "Brahianzevich"]
[Result "0-1"]
[WhiteElo "2588"]
[BlackElo "2441"]
[TimeControl "180+1"]
[EndTime "8:56:36 PST"]
[Termination "Brahianzevich won by resignation"]

1. d4 d5 2. e3 e6 3. f4 Nf6 4.
Nf3 c5 5. c3 Nc6 6. Bd3 Bd6 7.
O-O O-O 8. Ne5 Ne4 9. Nd2 f5 10. Nxe4 fxe4 11. Be2 Bxe5 12. fxe5 Bd7 13. Bd2 Qg5 14.
Qb3 cxd4 15. Qxb7 Rfd8 16. cxd4 Rab8 17. Qc7 Rxb2 18. Rad1 Rxd2 19. Rxd2 Qxe3+ 20. Rf2 Qxd2 21. Bb5 Qd1+ 22. Rf1 Qxd4+ 23. Kh1 Qb6 0-1

[Event "Early-Titled-Tuesday-Blitz-January-16-2024"]
[Site "Chess.com"]
[Date "2024.01.16"]
[Round "5"]
[White "crazy_m_attack"]
[Black "DrVitman"]
[Result "0-1"]
[WhiteElo "2465"]
[BlackElo "2788"]
[TimeControl "180+1"]
[EndTime "8:56:37 PST"]
[Termination "DrVitman won on time"]

1. e4 c5 2. Nf3 e6 3. d4 cxd4 4. Nxd4 Qb6 5. Nc3 Bc5 6. Na4 Qa5+ 7. c3 Bxd4 8. Qxd4 Nf6 9. Qc5 Qxc5 10. Nxc5 d6 11.
e5 dxc5 12. exf6 gxf6 13. Be3 b6 14. O-O-O Ba6 15. c4 Nc6 16. Be2 Rd8 17. Rxd8+ Kxd8 18. Rd1+ Ke7 19. b3 Bb7 20. Bf3 Na5 21. Bxb7 Nxb7 22.
f3 f5 23. Bf4 Rd8 24. Rxd8 Nxd8 25. Kc2 Nc6 26. Kd3 e5 27. Bg5+ f6 28. Bd2 h5 29. h4 Nb4+ 30. Bxb4 cxb4 31. c5 bxc5 32. Kc4 e4 0-1

[Event "Early-Titled-Tuesday-Blitz-January-16-2024"]
[Site "Chess.com"]
[Date "2024.01.16"]
[Round "5"]
[White "Flaccidmoves"]
[Black "Mikasinski"]
[Result "0-1"]
[WhiteElo "2430"]
[BlackElo "2611"]
[TimeControl "180+1"]
[EndTime "8:56:39 PST"]
[Termination "Mikasinski won by resignation"]

1. e4 c5 2. Nf3 d6 3. d4 cxd4 4. Nxd4 Nf6 5. Nc3 g6 6. Be3 Bg7 7. f3 O-O 8. Qd2 Nc6 9. O-O-O Bd7 10. g4 Rc8 11. h4 Ne5 12. h5 Qa5 13. Kb1 Nxf3 14.
Nxf3 Rxc3 15. Qxc3 Qxc3 16. bxc3 Bxg4 17. Be2 Nxe4 18. Rd3 Nxc3+ 19. Rxc3 Bxc3 20. hxg6 fxg6 21. Bc4+ Kh8 22. Ng5 h5 23. Ne6 Rf6 24. Bd4 Bxd4 25. Nxd4 Rf4 26. Bd3 Rxd4 27. Bxg6 Rd1+ 28. Rxd1 Bxd1 29.
Be4 b6 30. Kc1 Bg4 31. Kd2 Kg7 32. Ke3 Kf6 33. Kf4 e5+ 34. Kg3 Be6 35. Kh4 Bxa2 36. Kxh5 d5 37. Bd3 e4 38. Be2 Bc4 39. Bd1 Ke5 40.
Kg4 Kd4 41. Kg3 Kc3 42. Kf4 a5 43. Ke5 a4 0-1